 Dungeon Crawl Stone Soup version 0.30-a0-779-g7971cf19c3 (webtiles) character file.

Game seed: 18015925183484683880

3 bande the Shield-Bearer (level 1, 0/14 HPs)
             Began as a Gargoyle Fighter on Feb 18, 2023.
             Killed from afar by a dart slug (4 damage)
             ... with a slug dart
             ... on level 1 of the Dungeon.
             The game lasted 00:00:12 (52 turns).

bande the Shield-Bearer (Gargoyle Fighter)            Turns: 52, Time: 00:00:13

Health: 0/14       AC:  9    Str: 19    XL:     1   Next: 50%
Magic:  1/1        EV:  9    Int:  8    God:
Gold:   0          SH:  4    Dex:  9    Spells: 0/0 levels left

rFire   . . .      SeeInvis .    a - +0 war axe
rCold   . . .      Faith    .    c - +0 buckler
rNeg    + . .      Spirit   .    b - +0 scale mail
rPois   ∞          Reflect  .    (no helmet)
rElec   +          Harm     .    (no cloak)
rCorr   .          Rampage  .    (no gloves)
Will    .....                    (no boots) Stlth
                                 (no amulet)
HPRegen 0.22/turn                (no ring)
MPRegen 0.07/turn                (no ring)

@: no status effects
A: sickness immunity, AC +2, negative energy resistance 1, electricity
resistance, torment resistance 1, petrification resistance
a: no special abilities


You were on level 1 of the Dungeon.
You visited 1 branch of the dungeon, and saw 1 of its levels.

Inventory:

Hand Weapons
 a - a +0 war axe (weapon)
Armour
 b - a +0 scale mail (worn)
 c - a +0 buckler (worn)
Potions
 d - a potion of might


   Skills:
 + Level 3.3 Fighting
 + Level 1.7 Axes
 + Level 3.2 Armour
 + Level 3.5 Shields


You couldn't memorise any spells.
You didn't know any spells.
Your spell library was empty.

Dungeon Overview and Level Annotations

Branches:
Dungeon (1/15)

Altars:


Innate Abilities, Weirdness & Mutations

You are immune to sickness and miasma.
Your stone body is resilient. (AC +2)
You are immune to poison.
You resist negative energy. (rN+)
You are resistant to electric shocks. (rElec)
You are resistant to unholy torment.
You are immune to petrification.


Message History

The jackal bites you but does no damage.
The jackal closely misses you. The bat hits you but does no damage.
The goblin barely misses you.
You barely miss the jackal.
The jackal is severely wounded.
You completely miss the jackal. You barely miss the bat. You slash the goblin!
You kill the goblin!
You block the bat's attack. x2; The jackal barely misses you. x2
The jackal bites you.
The jackal bites you but does no damage.
The dart slug briefly extends its eye-stalks.
You are too injured to fight recklessly!
You are too injured to fight recklessly!
You are too injured to fight recklessly!
You are too injured to fight recklessly!
You are too injured to fight recklessly!
You are too injured to fight recklessly!
You are too injured to fight recklessly!
You are too injured to fight recklessly!
You are too injured to fight recklessly!
Unknown command.
You are too injured to fight recklessly!
You are too injured to fight recklessly!
Unknown command.
You barely miss the jackal.
The jackal is severely wounded.
You closely miss the jackal. You barely miss the bat.
The bat hits you but does no damage. You block the bat's attack.
The jackal bites you but does no damage.
The jackal bites you.
* * * LOW HITPOINT WARNING * * *
The jackal bites you but does no damage. x2
You hit the jackal.
You kill the jackal!
You slash the jackal!
You kill the jackal!
The bat hits you but does no damage. The dart slug launches a dart at you.
The slug dart hits you.
You die...

#.......
..#.#....
#.....#..
#........
.........
##.####........
......b))...#.#
#@†w....#
########.#..####
......).........
######.#.#.#..?
###........#
#...#.#.#..#
#..........#
#...#.#.#.##
#.........#


You could see a dart slug and a bat.

Vanquished Creatures
  2 jackals (D:1)
  A bat (D:1)
  2 goblins (D:1)
  A kobold (D:1)
6 creatures vanquished.

Notes
Turn   | Place    | Note
-------+----------+-------------------------------------------
     0 | D:1      | bande the Gargoyle Fighter began the quest for the Orb.
     0 | D:1      | Reached XP level 1. HP: 14/14 MP: 1/1
    52 | D:1      | Killed from afar by a dart slug

Illustrated notes

Levels and vault maps discovered:
D:1:      mushboom_english_gardens, layout_basic,
          dreamdust_ecumenical_altar_drowned_temple, serial_glass,
          glass_columns_b, glass_columns_a, glass_columns_c, glass_columns_b,
          glass_columns_c, glass_columns_a

Action                     || total
---------------------------++-------
  Melee: War axe           ||    18
 Armour: Scale mail        ||    29
  Dodge: Dodged            ||    29
  Block: Buckler           ||    12

Table legend: (Time is in decaauts)
 A = Elapsed time spent in this place.
 B = Non-inter-level travel time spent in this place.
 C = Inter-level travel time spent in this place.
 D = Time resting spent in this place.
 E = Time spent auto-exploring this place.
 F = Levels seen in this place.
 G = Mean time per level.
                   A        B        C        D        E       F      G
               +--------+--------+--------+--------+--------+-----+--------+
         Total |     59 |     59 |      0 |      0 |     23 |   1 |   59.0 |
       Dungeon |     59 |     59 |      0 |      0 |     23 |   1 |   59.0 |
               +--------+--------+--------+--------+--------+-----+--------+

Top non-repeatable levels by time:
     D:1: 59 daAuts
